 Dungeon Crawl Stone Soup version 0.31-a0-1-g4198be8af4 (webtiles) character file.

Game seed: 9028146233763280610

31021 Pimp the Fighter (level 13, 0/140 HPs)
             Began as a Purple Draconian Conjurer on Apr 25, 2023.
             Was a Follower of Ashenzari.
             Succumbed to an orc knight's poison
             ... on level 12 of the Dungeon on Apr 30, 2023.
             The game lasted 01:35:58 (18401 turns).

Pimp the Fighter (Purple Draconian Conjurer)       Turns: 18401, Time: 01:35:59

Health: 0/140      AC: 17    Str: 11    XL:     13   Next: 23%
Magic:  8/26       EV: 17    Int: 26    God:    Ashenzari [*.....]
Gold:   1480       SH:  6    Dex: 18    Spells: 7/31 levels left

rFire   . . .        w - staff of conjuration
rCold   . . .        G - +1 buckler {AC+3}
rNeg    . . .        (body armour unavailable)
rPois   .            (helmet restricted)
rElec   .            v - +2 cloak of the Gnostic Lethargy {Elem, Cun} (curse)
rCorr   .            (no gloves)
SInv    .            m - +2 pair of boots "Revealing Seeker" {Elem, Comp} (curse)
Will    +....        u - amulet of Tulips {RegenMP Rampage}
Stlth   ++           i - +6 ring of intelligence
HPRegen 0.43/turn    j - +6 ring of dexterity
MPRegen 0.60/turn

%: rampage
@: lethally poisoned (0 -> -10)
A: breathe power, AC +8, unfitting armour, cold-blooded, horns 1, talons 1,
robust 2
a: Breathe Dispelling Energy, Renounce Religion, Curse Item, Shatter the Chains


You were on level 12 of the Dungeon.
You worshipped Ashenzari.
Ashenzari was aware of your devotion.
You visited 3 branches of the dungeon, and saw 16 of its levels.

You collected 1705 gold pieces.
You spent 225 gold pieces at shops.

Inventory:

Hand Weapons
 e - a +1 short sword
 h - a +0 long sword of chaos
 D - the +6 rapier "Jicot" {heavy, Str+2}
   (You bought it in a shop on level 9 of the Dungeon)

   Str:       It affects your strength (+2).
 O - a +1 longbow of flaming
Armour
 c - a +2 pair of boots
 m - the cursed +2 pair of boots "Revealing Seeker" (worn) {Elem, Comp}
   (You found it on level 3 of the Dungeon)

   It has a curse which improves the following skills: Elements: Fire Magic, Ice
   Magic, Air Magic and Earth Magic.
   Companions: Summonings and Necromancy.
 v - the cursed +2 cloak of the Gnostic Lethargy (worn) {Elem, Cun}
   (You found it on level 8 of the Dungeon)

   It has a curse which improves the following skills: Elements: Fire Magic, Ice
   Magic, Air Magic and Earth Magic.
   Cunning:   Dodging and Stealth.
 y - a +1 helmet
 G - a +1 buckler of protection (worn)
Magical Staves
 w - a staff of conjuration (weapon)
Jewellery
 i - a +6 ring of intelligence (left hand)
 j - a +6 ring of dexterity (right hand)
 k - a ring of wizardry
 o - a ring of protection from cold
 p - a ring of ice
 u - the amulet of Tulips (around neck) {RegenMP Rampage}
   (You found it on level 5 of the Dungeon)

   [amulet of magic regeneration]

   It increases your rate of magic regeneration.
   Rampage:   It bestows one free step when moving towards enemies.
 E - a +6 ring of dexterity
 H - the amulet "Luorr" {Spirit Rampage}
   (You found it on level 12 of the Dungeon)

   [amulet of guardian spirit]

   It causes incoming damage to be divided between your reserves of health and
   magic.
   Rampage:   It bestows one free step when moving towards enemies.
 M - an amulet of the acrobat
Wands
 a - a wand of flame (30)
 A - a wand of paralysis (10)
 B - a wand of roots (2) (quivered)
 K - a wand of digging (3)
Scrolls
 d - a scroll of enchant weapon
 g - 2 scrolls of amnesia
 q - 2 scrolls of magic mapping
 t - 12 scrolls of identify
 x - 3 scrolls of teleportation
 z - 2 scrolls of fear
 I - 2 scrolls of immolation
 J - a scroll of fog
Potions
 b - 5 potions of lignification
 f - 2 potions of mutation
 l - 2 potions of cancellation
 n - 3 potions of brilliance
 r - 2 potions of berserk rage
 s - a potion of haste
 C - a potion of flight
 F - a potion of attraction
 N - a potion of might


   Skills:
 * Level 11.8 Fighting
 + Level 5.7(6.5) Short Blades
 - Level 4.8(6.1) Long Blades
 + Level 8.0(8.8) Dodging
 - Level 2.0(2.6) Stealth
 * Level 2.1 Shields
 + Level 9.6 Spellcasting
 - Level 7.6 Conjurations
 - Level 7.8 Hexes
 - Level 4.8(6.0) Ice Magic
 * Level 6.2(7.4) Earth Magic
 + Level 7.3 Evocations


You had 7 spell levels left.
You knew the following spells:

 Your Spells              Type           Power      Damage    Failure   Level
a - Magic Dart            Conj           100%       1d8       1%          1
b - Searing Ray           Conj           100%       2d8       1%          2
c - Fulminant Prism       Conj/Hex       34%        3d15      2%          4
d - Dazzling Flash        Conj/Hex       100%       N/A       1%          3
e - Ozocubu's Armour      Ice            43%        N/A       1%          3
f - Tukima's Dance        Hex            52%        N/A       1%          3
g - Gell's Gravitas       Tloc           12%        N/A       21%         3
h - Lee's Rapid Deconstr  Erth           25%        3d14*     9%          5

Your spell library contained the following spells:

 Spells                   Type           Power      Damage    Failure   Level
 Kiss of Death            Conj/Necr      100%       2d13      1%          1
 Confusing Touch          Hex            52%        N/A       1%          3
 Leda's Liquefaction      Hex/Erth       25%        N/A       3%          4
 Portal Projectile        Hex/Tloc       64%        N/A       4%          3
 Lesser Beckoning         Tloc           24%        N/A       11%         2
 Iskenderun's Mystic Bla  Conj/Tloc      48%        2d11      14%         4
 Teleport Other           Tloc           12%        N/A       21%         3
 Dispel Undead            Necr           12%        3d9       54%         4
 Blade Hands              Tmut           6%         N/A       88%         5
 Statue Form              Tmut/Erth      20%        N/A       92%         6
 Ozocubu's Refrigeration  Ice            21%        4d12      99%         7


Dungeon Overview and Level Annotations

Branches:
Dungeon (14/15)            Temple (1/1) D:5            Lair (0/5) D:9
    Orc (1/2) D:12
 Vaults: D:13-14

Altars:
Ashenzari
Cheibriados
Dithmenos
Fedhas
Gozag
Hepliaklqana
Kikubaaqudgha
Makhleb
Nemelex Xobeh
Okawaru
Qazlal
Ru
Sif Muna
Trog
Uskayaw
Vehumet
Wu Jian
Xom
Yredelemnul
Zin
The Shining One

Shops:
D:2 [   D:3 (   D:4 ?   D:7 ?:   D:9 (

Portals:
Trove: D:11 (give 6 potions of haste)


Innate Abilities, Weirdness & Mutations

You can breathe bolts of dispelling energy.
Your rich purple scales are hard. (AC +8)
You cannot fit into any form of body armour.
You are cold-blooded and may be slowed by cold attacks.
You have a pair of small horns on your head.
You have sharp toenails.
You are very robust. (+20% HP)


Message History

You are more poisoned.
Casting: Searing Ray (safe; 1% risk of failure)
Confirm with . or Enter, or press ? or * to list all spells.
Aiming: Searing Ray (safe; 1% risk of failure)
Press: ? - help, Shift-Dir - straight line, f/p - orc knight
Aim: an orc knight, wielding a +0 broad axe of venom and wearing a +0 plate armour (black smoke, severely wounded, 83% to hit)
You feel a surge of power!
The searing ray hits the orc knight.
The orc knight is severely wounded. (Press . to maintain the ray.)
You feel extremely sick. The orc knight misses you.
The searing ray hits the orc knight.
The orc knight is severely wounded.
You feel very sick.
The orc knight hits you with a +0 broad axe of venom!!
* * * LOW HITPOINT WARNING * * *
You are lethally poisoned!
Okay, then.
As you read the scroll of fear, it crumbles to dust.
You assume a fearsome visage.
The orc knight looks frightened!
* * * LOW HITPOINT WARNING * * *
You feel extremely sick.
Okay, then.
As you read the scroll of teleportation, it crumbles to dust.
You feel strangely unstable.
* * * LOW HITPOINT WARNING * * *
You feel extremely sick.
* * * LOW HITPOINT WARNING * * *
You feel extremely sick.
Cornered, the orc knight turns to fight!
Your surroundings suddenly seem different.
* * * LOW HITPOINT WARNING * * *
You feel very sick.
* * * LOW HITPOINT WARNING * * *
You feel very sick.
Things that are here:
a +0 giant club; a +0 dire flail
* * * LOW HITPOINT WARNING * * *
You feel very sick.
You die...

#........###.#############.######
#........# #.# #..#####
#........# #.### ##.....#
#........###...#### #####.#
###########.......# ####..
#...............# #.....
#...............# #######.....
#..........###### #.....#.....
#........#....@# #.....######
#........#.....# #.....#
#........#...).# #.....#
#........#.....## #.....#
##########......# #.....#
##.....####.....#
#..............# ###............#
#......[.##.##


There were no monsters in sight!

Vanquished Creatures
  Frances (D:13)
  Nessos (D:13)
  2 hydras (D:13)
  A two-headed ogre (D:12)
  A centaur warrior (D:14)
  3 boulder beetles
  2 tengu warriors (D:14)
  Sonja (D:10)
  Lodul (D:10)
  4 slime creatures (D:12)
  A wizard (D:11)
  Pikel (D:7)
  A deep elf pyromancer (D:14)
  An orc sorcerer (Orc:1)
  5 ugly things
  A cyclops (D:12)
  A manticore (D:14)
  3 gargoyles
  Maggie (D:8)
  5 kobold demonologists
  An unseen horror (D:11)
  A tengu conjurer (D:14)
  5 komodo dragons
  3 meliai (D:13)
  2 trolls
  A meliai (shapeshifter) (D:14)
  A hornet (D:7)
  Prince Ribbit (D:6)
  A blink frog (shapeshifter) (D:14)
  Sigmund (D:3)
  A dancing weapon (D:13)
  7 yaks (D:11)
  A wyvern (D:9)
  A wraith (D:11)
  A shadow (D:9)
  3 basilisks
  A golden eye (shapeshifter) (D:5)
  7 vampire mosquitoes
  6 steam dragons
  An acid dragon (D:9)
  A water moccasin (D:9)
  12 orc warriors
  6 sky beasts
  2 ice beasts
  2 black bears
  11 ogres
  5 boggarts
  2 phantoms
  A centaur (D:6)
  5 kobold brigands
  2 gnoll sergeants
  4 wights (D:8)
  35 killer bees
  5 howler monkeys
  2 jellies
  15 orc priests
  5 hounds
  A sleepcap (D:8)
  Jessica (D:2)
  5 iguanas
  Natasha (D:2)
  12 orc wizards
  14 gnolls
  9 adders
  A white imp (D:6)
  2 ufetubi
  5 worms
  5 dart slugs
  55 orcs
  7 endoplasms
  3 giant cockroaches
  8 goblins
  8 hobgoblins
  2 jackals (D:2)
  27 kobolds
  7 quokkas
  8 ball pythons
  7 bats
  4 frilled lizards
  4 rats
  2 fulminant prisms
396 creatures vanquished.

Vanquished Creatures (others)
  3 dancing weapons
  240 fulminant prisms
  A fungus (D:4)
  2 plants
246 creatures vanquished.

Grand Total: 642 creatures vanquished

Notes
Turn   | Place    | Note
-------+----------+-------------------------------------------
     0 | D:1      | Pimp the Draconian Conjurer began the quest for the Orb.
     0 | D:1      | Reached XP level 1. HP: 14/14 MP: 3/3
   229 | D:1      | Reached XP level 2. HP: 20/20 MP: 1/5
   505 | D:1      | Learned a level 2 spell: Searing Ray
   824 | D:1      | Reached XP level 3. HP: 26/26 MP: 1/6
  1050 | D:2      | Noticed Jessica
  1052 | D:2      | Killed Jessica
  1157 | D:2      | Reached XP level 4. HP: 33/33 MP: 1/8
  1367 | D:2      | Found a faded altar of an unknown god.
  1419 | D:2      | Gained mutation: You are robust. (+10% HP) [potion of
                  | mutation]
  1419 | D:2      | Gained mutation: You have a pair of small horns on your
                  | head. [potion of mutation]
  1419 | D:2      | Gained mutation: You are very robust. (+20% HP) [potion of
                  | mutation]
  1419 | D:2      | Gained mutation: You have sharp toenails. [potion of
                  | mutation]
  1470 | D:2      | Noticed Natasha
  1478 | D:2      | Killed Natasha
  1488 | D:2      | Reached XP level 5. HP: 22/45 MP: 1/9
  1638 | D:2      | Found Hido's Antique Armour Shop.
  1897 | D:3      | Found Ceopp's Antique Weapon Emporium.
  1944 | D:3      | Reached skill level 5 in Conjurations
  2365 | D:3      | Noticed Sigmund
  2398 | D:3      | Killed Sigmund
  2399 | D:3      | Reached skill level 1 in Fighting
  2399 | D:3      | Reached skill level 1 in Long Blades
  2399 | D:3      | Reached XP level 6. HP: 40/56 MP: 7/11
  3195 | D:4      | Your scales start taking on a rich purple colour.
  3195 | D:4      | Reached XP level 7. HP: 63/63 MP: 9/14
  3214 | D:4      | Reached skill level 2 in Fighting
  3230 | D:4      | Learned a level 4 spell: Fulminant Prism
  3258 | D:4      | Found a blossoming altar of Fedhas.
  3551 | D:4      | Found a hazy altar of Hepliaklqana.
  3669 | D:4      | Found Toloil's Magic Scroll Shoppe.
  3734 | D:5      | Entered Level 5 of the Dungeon
  3972 | D:5      | Reached skill level 5 in Spellcasting
  3972 | D:5      | Reached skill level 1 in Hexes
  4013 | D:5      | Found a staircase to the Ecumenical Temple.
  4035 | Temple   | Entered the Ecumenical Temple
  4403 | Temple   | Became a worshipper of Ashenzari the Shackled
  4598 | D:5      | Reached skill level 3 in Fighting
  4823 | D:5      | Reached XP level 8. HP: 68/75 MP: 10/15
  4873 | D:5      | a black bear changed into a shapeshifter
  4873 | D:5      | Noticed a shapeshifter (shapeshifter)
  4873 | D:5      | a shapeshifter changed into a queen bee
  4873 | D:5      | Noticed a queen bee (shapeshifter)
  4893 | D:5      | a queen bee changed into a golden eye
  5246 | D:5      | Reached skill level 4 in Fighting
  5291 | D:5      | Identified the amulet of Tulips {RegenMP Rampage}
  5608 | D:6      | Learned a level 3 spell: Dazzling Flash
  5664 | D:6      | Noticed Prince Ribbit
  5669 | D:6      | Killed Prince Ribbit
  5834 | D:6      | Reached skill level 5 in Fighting
  6052 | D:6      | Reached XP level 9. HP: 88/88 MP: 10/18
  6063 | D:6      | Learned a level 3 spell: Ozocubu's Armour
  6388 | D:7      | Noticed Pikel
  6408 | D:7      | Killed Pikel
  6409 | D:7      | Reached skill level 6 in Fighting
  6409 | D:7      | Reached skill level 5 in Dodging
  6409 | D:7      | Reached skill level 5 in Hexes
  6409 | D:7      | Reached skill level 1 in Ice Magic
  6409 | D:7      | Reached skill level 1 in Evocations
  6431 | D:7      | Noticed a kobold demonologist
  6801 | D:7      | Killed a kobold demonologist
  6887 | D:7      | Reached XP level 10. HP: 75/100 MP: 9/20
  7152 | D:7      | Found Keman's Book Emporium.
  7153 | D:7      | Found Kimoff's Magic Scroll Emporium.
  7523 | D:7      | Found an ornate altar of the Wu Jian Council.
  7851 | D:8      | Reached skill level 7 in Fighting
  8190 | D:8      | Noticed Maggie
  8206 | D:8      | Killed Maggie
  9070 | D:9      | Learned a level 3 spell: Tukima's Dance
  9241 | D:9      | Found a snail-covered altar of Cheibriados.
  9271 | D:9      | Found Gomnet's Antique Weapon Shoppe.
  9275 | D:9      | Bought a faintly glowing rapier for 225 gold pieces
  9275 | D:9      | Identified the +6 rapier "Jicot" {heavy, Str+2} (You bought
                  | it in a shop on level 9 of the Dungeon)
  9282 | D:9      | Learned a level 3 spell: Gell's Gravitas
  9709 | D:9      | Identified the +14 plate armour of Weightlessness {Str+2
                  | Stlth+}
  9830 | D:9      | Reached skill level 1 in Short Blades
 10201 | D:9      | Reached skill level 8 in Fighting
 10356 | D:9      | Found a staircase to the Lair.
 10525 | D:10     | Entered Level 10 of the Dungeon
 10807 | D:10     | Reached XP level 11. HP: 94/112 MP: 18/22
 11179 | D:10     | Noticed Sonja
 11182 | D:10     | Killed Sonja
 11479 | D:10     | Noticed Lodul
 11488 | D:10     | Killed Lodul
 11929 | D:11     | Reached skill level 9 in Fighting
 12068 | D:11     | Found a portal to a secret trove of treasure.
 12111 | D:11     | Reached skill level 5 in Evocations
 12673 | D:11     | Reached * piety under Ashenzari
 12992 | D:11     | Identified the cursed +2 cloak of the Gnostic Lethargy
                  | {Elem, Cun} (You found it on level 8 of the Dungeon)
 12992 | D:11     | Identified the cursed +2 pair of boots "Revealing Seeker"
                  | {Elem, Comp} (You found it on level 3 of the Dungeon)
 13223 | D:11     | Reached skill level 1 in Earth Magic
 13391 | D:11     | Noticed a wizard
 13399 | D:11     | Killed a wizard
 13445 | D:11     | Upgraded the game from 0.30-a0-1160-g6e42c06551 to
                  | 0.30-a0-1164-ge08a67761e
 13447 | D:12     | Identified the amulet "Luorr" {Spirit Rampage}
 13526 | D:12     | Noticed a two-headed ogre
 13539 | D:12     | Killed a two-headed ogre
 13576 | D:12     | Reached skill level 10 in Fighting
 13576 | D:12     | Reached XP level 12. HP: 127/127 MP: 15/24
 13587 | D:12     | Noticed a boulder beetle
 13609 | D:12     | Killed a boulder beetle
 14709 | D:12     | Noticed a boulder beetle
 15265 | D:12     | Found a staircase to the Orcish Mines.
 15356 | D:12     | Upgraded the game from 0.30-a0-1164-ge08a67761e to
                  | 0.31-a0-1-g4198be8af4
 15392 | D:13     | Noticed Frances
 15412 | D:13     | Killed Frances
 15493 | D:13     | Noticed Nessos
 15521 | D:13     | Killed Nessos
 15522 | D:13     | Reached skill level 11 in Fighting
 15683 | D:13     | Reached skill level 5 in Short Blades
 16001 | D:12     | Killed a boulder beetle
 16002 | D:12     | Reached skill level 5 in Earth Magic
 16103 | D:12     | Learned a level 5 spell: Lee's Rapid Deconstruction
 16279 | D:13     | Noticed a six-headed hydra
 16291 | D:13     | Killed a six-headed hydra
 16704 | D:14     | Noticed a four-headed hydra
 16767 | D:14     | Noticed a tengu warrior
 16767 | D:14     | Noticed a tengu warrior
 16774 | D:14     | Noticed a tengu warrior
 16774 | D:14     | Noticed a tengu warrior
 16804 | D:13     | Killed a four-headed hydra
 17282 | D:14     | Noticed a tengu warrior
 17289 | D:14     | Killed a tengu warrior
 17290 | D:14     | Reached XP level 13. HP: 121/139 MP: 15/26
 17613 | D:14     | Reached skill level 1 in Shields
 17921 | D:14     | Found a broken altar of Ashenzari.
 18187 | D:14     | Noticed a fire dragon
 18321 | Orc:1    | Entered Level 1 of the Orcish Mines
 18399 | D:12     | HP: 5/140 [poisoned by an orc knight]
 18400 | D:12     | HP: 1/140 [poisoned by an orc knight]
 18401 | D:12     | Succumbed to an orc knight's poison

Illustrated notes

Levels and vault maps discovered:
D:1:      sevenhm_arrival_forest_fort_small_1, layout_basic
D:2:      layout_rooms, serial_shops, nicolae_shop_tiny_waterfront,
          chequers_ecumenical_altar_simple, minmay_randomly_rotated_circles,
          uniq_jessica, uniq_natasha
D:3:      corexii_shack_village, layout_basic, serial_shops,
          nicolae_shop_dealshenge, kennysheep_boxes, uniq_sigmund
D:4:      nicolae_cairo_tiling_large_dashed, layout_cave_pools,
          mainiacjoe_overflow_chevrons, lemuel_tele_altar, serial_shops,
          nicolae_shop_back_alley_shop
D:5:      layout_loops_corners, minmay_temple_entry_stoned_glass,
          saegor_snake_ambush
D:6:      layout_rooms, minmay_misc_feat_x, uniq_prince_ribbit1
D:7:      layout_loops_cross, lemuel_coloured_pillars_altar,
          nicolae_wooded_promenade, uniq_pikel
D:8:      layout_gridville, uniq_maggie
D:9:      layout_rooms, nicolae_overflow_hidden_temple, erik_lair_dragon,
          serial_shops, shop, serial_co_window_serial, co_window_paths_a,
          co_window_paths_b, co_window_of_opportunity_a, co_window_corner_a,
          co_window_of_opportunity_a, co_window_paths_a, co_window_cross_1,
          co_window_corner_b, co_window_corner_cb, co_window_broadway_a,
          co_window_unsneaky_path_b, co_window_unsneaky_path_b, glass_columns_a,
          glass_columns_b
D:10:     layout_roguey, uniq_sonja, uniq_lodul
D:11:     layout_gridville, nicolae_trove_entry_diagonal, eino_jars
D:12:     layout_basic, david_orc_4, hangedman_misty_isle
D:13:     layout_basic, uniq_frances, uniq_nessos
D:14:     layout_irregular_city, david_vaults_4, ashenzari_altar_1,
          nicolae_twisting_strands
Temple:   minmay_temple_bridge_d
Orc:1:    layout_caves, serial_shops, nicolae_shop_peninsula

Skill      XL: |  1  2  3  4  5  6  7  8  9 10 11 12 13 |
---------------+----------------------------------------+-----
Stealth        | 2 |  2.0
Dodging        | 2 3 4 5 6 7 8 |  8.0
Spellcasting   | 3 4 5 6 7 8 9 |  9.6
Conjurations   | 5 6 7 |  7.6
Fighting       | 1 3 5 6 8 10 11 | 11.8
Long Blades    | 1 2 3 4 |  4.8
Hexes          | 2 4 6 7 |  7.8
Ice Magic      | 2 3 4 |  4.8
Evocations     | 2 4 5 7 |  7.3
Short Blades   | 1 4 5 |  5.7
Earth Magic    | 2 5 6 |  6.2
Shields        | 2 |  2.1

Action                     |  1- 3 |  4- 6 |  7- 9 | 10-12 | 13-15 || total
---------------------------+-------+-------+-------+-------+-------++-------
  Melee: Unarmed           |     2 |       |       |       |       ||     2
         Short sword       |    19 |    35 |       |       |       ||    54
         Tailslap          |     1 |     9 |     9 |    10 |     2 ||    31
         Headbutt          |       |     7 |    17 |    10 |       ||    34
         Kick              |       |     5 |       |       |       ||     5
         Long sword        |       |    11 |    78 |       |       ||    89
         Punch             |       |       |     2 |       |       ||     2
         Staff             |       |       |    49 |    32 |     5 ||    86
         Rapier            |       |       |       |     7 |       ||     7
   Cast: Magic Dart        |    26 |    18 |    14 |    18 |     1 ||    77
         Searing Ray       |    10 |    27 |    60 |    77 |     8 ||   182
         Dazzling Flash    |       |       |     3 |     7 |     3 ||    13
         Fulminant Prism   |       |       |     1 |   206 |    36 ||   243
         Tukima's Dance    |       |       |       |     4 |     2 ||     6
         Gell's Gravitas   |       |       |       |     8 |       ||     8
         Lee's Rapid Decon |       |       |       |     8 |       ||     8
         Ozocubu's Armour  |       |       |       |     1 |     1 ||     2
 Invoke: Curse Item        |       |       |     1 |     1 |       ||     2
Ability: Breathe Dispellin |       |       |       |     1 |       ||     1
  Evoke: Wand              |       |       |       |     5 |       ||     5
    Use: Scroll            |     1 |    11 |    11 |     3 |     3 ||    29
         Potion            |       |     5 |     6 |     5 |       ||    16
   Stab: Sleeping          |     1 |     1 |     2 |       |       ||     4
 Armour: Skin              |    16 |    19 |    92 |   120 |    15 ||   262
  Dodge: Dodged            |    23 |    39 |   233 |   297 |    23 ||   615
  Block: Buckler           |       |       |       |       |    10 ||    10

Table legend: (Time is in decaauts)
 A = Elapsed time spent in this place.
 B = Non-inter-level travel time spent in this place.
 C = Inter-level travel time spent in this place.
 D = Time resting spent in this place.
 E = Time spent auto-exploring this place.
 F = Levels seen in this place.
 G = Mean time per level.
                   A        B        C        D        E       F      G
               +--------+--------+--------+--------+--------+-----+--------+
         Total |  18509 |  17359 |   1150 |   4600 |   8935 |  16 | 1156.8 |
       Dungeon |  17998 |  17001 |    997 |   4585 |   8657 |  14 | 1285.6 |
        Temple |    442 |    290 |    152 |      0 |    278 |   1 |  442.0 |
  Orcish Mines |     68 |     68 |      0 |     15 |      0 |   1 |   68.0 |
               +--------+--------+--------+--------+--------+-----+--------+

Top non-repeatable levels by time:
    D:12: 2188 daAuts
    D:11: 1678 daAuts
    D:13: 1631 daAuts
     D:9: 1562 daAuts
    D:10: 1392 daAuts
     D:8: 1374 daAuts
     D:5: 1337 daAuts
     D:6: 1202 daAuts
     D:3: 1197 daAuts
     D:1: 1052 daAuts
    D:14: 973 daAuts
     D:7: 930 daAuts
     D:2: 751 daAuts
     D:4: 725 daAuts
  Temple: 442 daAuts
